 Dungeon Crawl Stone Soup version 0.31-a0-246-g8cbcc1cb85 (webtiles) character file.

Game seed: 18127733198826885145

7983 qw the Skirmisher (level 11, -23/97 HPs)
             Began as a Minotaur Hexslinger on July 12, 2023.
             Was an Elder of Okawaru.
             Hit by a large rock thrown by a cyclops (25 damage)
             ... on level 8 of the Dungeon.
             The game lasted 00:03:04 (7431 turns).

qw the Skirmisher (Minotaur Hexslinger)             Turns: 7431, Time: 00:03:05

Health: -23/97     AC:  9    Str: 13    XL:     11   Next: 3%
Magic:  14/14      EV: 23    Int: 10    God:    Okawaru [****..]
Gold:   253        SH:  0    Dex: 24    Spells: 11/12 levels left

rFire   . . .        Y - +5 shortbow
rCold   + . .        (shield currently unavailable)
rNeg    . . .        e - +2 robe {rC+}
rPois   +            l - +0 hat {SInv}
rElec   +            (no cloak)
rCorr   .            n - +2 pair of gloves of Responsibility {Harm rElec Dex+7}
SInv    +            g - +0 pair of boots {Stlth+}
Will    .....        (no amulet)
Stlth   ++++         m - ring of poison resistance
HPRegen 0.36/turn    (no ring)
MPRegen 0.14/turn

%: harm (+30% outgoing, +20% incoming)
@: about to teleport, heroic
A: horns 2, retaliatory headbutt
a: Renounce Religion, Heroism, Finesse


You were on level 8 of the Dungeon.
You worshipped Okawaru.
Okawaru was greatly pleased with you.
You visited 2 branches of the dungeon, and saw 9 of its levels.

You collected 253 gold pieces.


Innate Abilities, Weirdness & Mutations

You have a pair of horns on your head.
You reflexively headbutt those who attack you in melee.


   Skills:
 - Level 9.1(14.1) Fighting
 + Level 13.1(18.1) Ranged Weapons
 - Level 2.3(7.3) Armour
 - Level 8.0(13.0) Dodging
 - Level 1.0 Spellcasting
 - Level 2.0 Hexes
 + Level 6.1 Invocations


You had 11 spell levels left.
You knew the following spells:

 Your Spells              Type           Power      Damage    Failure   Level
a - Slow                  Hex            16%        N/A       16%         1

Your spell library contained the following spells:

 Spells                   Type           Power      Damage    Failure   Level
 Inner Flame              Hex/Fire       2%         N/A       56%         3
 Portal Projectile        Hex/Tloc       4%         N/A       56%         3
 Cause Fear               Hex            2%         N/A       83%         4

Inventory:

Hand Weapons
 Y - a +5 shortbow (weapon)
Armour
 e - a +2 robe of cold resistance (worn)
 g - a +0 pair of boots of stealth (worn)
 i - a +2 robe of resistance
 j - a +2 robe of willpower
 l - a +0 hat of see invisible (worn)
 n - the +2 pair of gloves of Responsibility (worn) {Harm rElec Dex+7}
   (You found it on level 5 of the Dungeon)

   Dex:       It affects your dexterity (+7).
   rElec:     It insulates you from electricity.
   Harm:      It increases damage dealt and taken.
Jewellery
 m - a ring of poison resistance (left hand)
Scrolls
 a - 2 scrolls of teleportation
 q - 2 scrolls of identify
Potions
 b - a potion of resistance
 c - 2 potions of cancellation
 d - 3 potions of heal wounds
 f - a potion of mutation
 h - a potion of might
 k - a potion of attraction {unknown}
 o - a potion of curing {unknown}
 r - a potion of enlightenment {unknown}

Dungeon Overview and Level Annotations

Branches:
Dungeon (8/15)             Temple (1/1) D:4
   Lair: D:8-11

Altars:
Ashenzari
Cheibriados
Dithmenos
Fedhas
Gozag
Hepliaklqana
Makhleb
Nemelex Xobeh
Okawaru
Qazlal
Ru
Sif Muna
Trog
Wu Jian
Xom
Yredelemnul
Zin
The Shining One

Portals:
Bailey: D:8

Annotations:
D:4 2 runed translucent doors


Message History

You shoot an arrow. The arrow hits the cyclops!
The cyclops is heavily wounded.
The centaur warrior hits you but does no damage.
The centaur warrior kicks you but does no damage.
The cyclops completely misses you.
You shoot an arrow. The arrow hits the cyclops!
The cyclops is severely wounded.
The centaur warrior hits you but does no damage.
The centaur warrior kicks you but does no damage.
You shoot an arrow. The arrow hits the cyclops.
The cyclops is severely wounded.
The centaur warrior completely misses you.
The centaur warrior kicks you but does no damage.
The cyclops throws a large rock.
The large rock completely misses you.
The large rock hits the boulder beetle!
The boulder beetle dies!
The cyclops barely misses you.
Your base Dodging skill increases to level 8!
You shoot an arrow. The arrow hits the cyclops!
The cyclops is almost dead.
You hear the loud creaking of a very distant portcullis.
The centaur warrior hits you but does no damage.
The centaur warrior completely misses you.
You shoot an arrow. The arrow hits the cyclops!
You kill the cyclops!
Okawaru is honoured by your kill.
The centaur warrior completely misses you.
The centaur warrior barely misses you.
The cyclops throws a large rock.
The large rock hits you!!!
Your Invocations skill increases to level 6!
You have reached level 11!
7431 ||| READING 3 scrolls of teleportation.
As you read the scroll of teleportation, it crumbles to dust.
You feel strangely unstable. The centaur warrior hits you.
The centaur warrior kicks you but does no damage.
The centaur warrior misses you.
The centaur warrior kicks you but does no damage.
The cyclops throws a large rock.
The large rock hits you!!
You die...

#..[#####.####
###.##.##.##.#
#.'..(.....# #####
#.##.##.##.#
..).####.#####.####
##.......# #)..#
.##.####[## ##.####
#).>.....##.##.##(##.##)
.........##...%.@.C.....
.~...~...##[##.##c##.##.
~..~~~...#####.####
~.~~~....# #....#
.~~~~....# ######
~~~~~~...# ~~~~~~....


You could see a centaur warrior and a cyclops.

Vanquished Creatures
  A hydra (D:8)
  A centaur warrior (D:8)
  2 two-headed ogres (D:8)
  A cyclops (D:8)
  A troll (D:8)
  A hornet (D:8)
  Prince Ribbit (D:6)
  Grinder (D:5)
  A shadow (D:8)
  6 yaks (D:8)
  Eustachio (D:4)
  A sky beast (D:6)
  3 black bears
  An ice beast (D:7)
  2 wolves (D:8)
  2 centaurs (D:6)
  A phantom (D:5)
  Blork the orc (D:4)
  A kobold brigand (D:8)
  A bullfrog (D:8)
  A gnoll sergeant (D:7)
  2 scorpions
  13 wights
  2 electric eels (D:8)
  A howler monkey (D:8)
  8 hounds
  2 jellies
  3 orc priests
  Jessica (D:3)
  6 iguanas
  2 orc wizards (D:6)
  6 gnolls
  5 adders
  A shadow imp (D:7)
  3 worms
  A dart slug (D:4)
  25 orcs
  9 ball pythons
  2 bats (D:2)
  8 endoplasms
  A giant cockroach (D:1)
  8 goblins
  3 hobgoblins
  3 jackals (D:5)
  2 quokkas
  3 frilled lizards
  6 kobolds
  6 rats
163 creatures vanquished.

Vanquished Creatures (others)
  A boulder beetle (D:8)
1 creature vanquished.

Grand Total: 164 creatures vanquished

Notes
Turn   | Place    | Note
-------+----------+-------------------------------------------
     0 | D:1      | qw the Minotaur Hexslinger began the quest for the Orb.
     0 | D:1      | Reached XP level 1. HP: 16/16 MP: 1/1
     0 | D:1      | 0 ||| qw: Version: 0.3-a-52-g30416fa
     0 | D:1      | 0 ||| qw: Game counter: 6255
     0 | D:1      | 0 ||| qw: Melee chars always use a shield: true
     0 | D:1      | 0 ||| qw: God list: Okawaru
     0 | D:1      | 0 ||| qw: Allow faded altars: false
     0 | D:1      | 0 ||| qw: Do Orc after clearing Dungeon:15 true
     0 | D:1      | 0 ||| qw: Do second Lair branch before Depths: true
     0 | D:1      | 0 ||| qw: Lair rune preference: random
     0 | D:1      | 0 ||| qw: Goals: Normal
     0 | D:1      | 0 ||| PLANNING D:1-11
    69 | D:1      | Found a faded altar of an unknown god.
   266 | D:1      | Reached skill level 3 in Ranged Weapons
   298 | D:1      | Reached XP level 2. HP: 23/23 MP: 2/2
   398 | D:1      | 398 ||| UPGRADING to +0 leather armour.
   408 | D:1      | 408 ||| DROPPING +0 robe.
   409 | D:1      | 409 ||| READING 2 scrolls labelled NET WORHEMICS.
   414 | D:1      | 414 ||| READING scroll labelled DIHIPSAUME.
   515 | D:1      | 515 ||| READING scroll labelled ROS HEOT UQ OKIFAPH.
   516 | D:1      | 516 ||| READING scroll labelled LIELEI KOLEH.
   517 | D:1      | 517 ||| DROPPING scroll of poison.
   666 | D:2      | Reached XP level 3. HP: 28/29 MP: 3/3
   933 | D:2      | Reached skill level 4 in Ranged Weapons
  1230 | D:2      | 1230 ||| UPGRADING to +0 pair of boots of stealth.
  1235 | D:2      | 1235 ||| READING 3 scrolls labelled JAONAT TYIRCH.
  1236 | D:2      | 1236 ||| READING scroll labelled ZIODOD NUMOA.
  1237 | D:2      | 1237 ||| READING scroll labelled WORULA ABUDOE.
  1238 | D:2      | 1238 ||| READING scroll labelled HACININAEN.
  1239 | D:2      | 1239 ||| DRINKING 2 fizzy grey potions.
  1240 | D:2      | 1240 ||| DROPPING 2 scrolls of butterflies.
  1515 | D:3      | 1515 ||| FLEEEEING.
  1516 | D:3      | 1516 ||| FLEEEEING.
  1517 | D:3      | 1517 ||| FLEEEEING.
  1518 | D:3      | 1518 ||| FLEEEEING.
  1519 | D:3      | 1519 ||| FLEEEEING.
  1520 | D:3      | 1520 ||| FLEEEEING.
  1521 | D:3      | 1521 ||| FLEEEEING.
  1522 | D:3      | 1522 ||| FLEEEEING.
  1523 | D:3      | 1523 ||| FLEEEEING.
  1524 | D:3      | 1524 ||| FLEEEEING.
  1530 | D:3      | 1530 ||| FLEEEEING.
  1531 | D:3      | 1531 ||| FLEEEEING.
  1532 | D:3      | 1532 ||| FLEEEEING.
  1533 | D:3      | 1533 ||| FLEEEEING.
  1534 | D:3      | 1534 ||| FLEEEEING.
  1535 | D:3      | 1535 ||| FLEEEEING.
  1536 | D:3      | 1536 ||| FLEEEEING.
  1542 | D:3      | 1542 ||| FLEEEEING.
  1543 | D:3      | 1543 ||| FLEEEEING.
  1544 | D:3      | 1544 ||| FLEEEEING.
  1556 | D:3      | 1556 ||| Stepping ~*~*~tactically~*~*~ (water).
  1877 | D:3      | Noticed Jessica
  1893 | D:3      | Killed Jessica
  1894 | D:3      | Reached XP level 4. HP: 10/36 MP: 4/4
  2174 | D:3      | 2174 ||| UPGRADING to +2 robe of willpower.
  2184 | D:3      | 2184 ||| DROPPING +0 leather armour.
  2185 | D:3      | 2185 ||| READING scroll labelled SIGEMO AQIURIBLO.
  2186 | D:3      | 2186 ||| READING scroll labelled JIN CYGUOG.
  2217 | D:4      | Noticed a black bear
  2229 | D:4      | Killed a black bear
  2230 | D:4      | Reached skill level 6 in Ranged Weapons
  2230 | D:4      | Reached XP level 5. HP: 24/41 MP: 5/5
  2324 | D:4      | 2324 ||| Stepping ~*~*~tactically~*~*~ (outnumbered).
  2330 | D:4      | Reached skill level 3 in Fighting
  2402 | D:4      | Noticed Blork the orc
  2406 | D:4      | 2406 ||| FLEEEEING.
  2407 | D:4      | 2407 ||| FLEEEEING.
  2408 | D:4      | 2408 ||| FLEEEEING.
  2409 | D:4      | 2409 ||| FLEEEEING.
  2410 | D:4      | 2410 ||| FLEEEEING.
  2411 | D:4      | 2411 ||| FLEEEEING.
  2419 | D:4      | 2419 ||| FLEEEEING.
  2431 | D:4      | Killed Blork the orc
  2432 | D:4      | Reached XP level 6. HP: 47/53 MP: 6/6
  2466 | D:4      | Identified the +7 mace of Indomitability {vamp, rPois
                  | Str+3}
  2608 | D:4      | Found a staircase to the Ecumenical Temple.
  2609 | D:4      | 2609 ||| PLANNING TEMPLE
  2609 | D:4      | 2609 ||| UPGRADING to +2 robe of cold resistance.
  2619 | D:4      | 2619 ||| DRINKING 2 grey potions.
  2628 | Temple   | Entered the Ecumenical Temple
  2630 | Temple   | 2630 ||| PLANNING OKAWARU WORSHIP
  2835 | Temple   | Became a worshipper of Warmaster Okawaru
  2836 | Temple   | 2836 ||| PLANNING D:1-11
  2952 | D:4      | Noticed Eustachio
  2969 | D:4      | Killed Eustachio
  2970 | D:4      | Reached skill level 7 in Ranged Weapons
  3061 | D:4      | Found a large runed translucent door.
  3061 | D:4      | Found a large runed translucent door.
  3164 | D:4      | Identified the +2 morningstar "Hafaet" {antimagic, rN+
                  | Str+3 Dex-2}
  3199 | D:4      | Reached * piety under Okawaru
  3200 | D:4      | Reached XP level 7. HP: 20/60 MP: 7/7
  3570 | D:4      | 3570 ||| DRINKING 2 golden potions.
  3595 | D:5      | Entered Level 5 of the Dungeon
  3703 | D:5      | 3703 ||| INVOKING Heroism.
  3704 | D:5      | 3704 ||| INVOKING Heroism.
  3748 | D:5      | Reached skill level 8 in Ranged Weapons
  3943 | D:5      | Identified the +2 pair of gloves of Responsibility {Harm
                  | rElec Dex+7}
  3972 | D:5      | Reached skill level 3 in Dodging
  4034 | D:5      | 4034 ||| FLEEEEING.
  4035 | D:5      | 4035 ||| FLEEEEING.
  4036 | D:5      | 4036 ||| FLEEEEING.
  4037 | D:5      | 4037 ||| FLEEEEING.
  4038 | D:5      | 4038 ||| FLEEEEING.
  4039 | D:5      | 4039 ||| FLEEEEING.
  4040 | D:5      | 4040 ||| FLEEEEING.
  4041 | D:5      | 4041 ||| FLEEEEING.
  4042 | D:5      | 4042 ||| FLEEEEING.
  4043 | D:5      | 4043 ||| FLEEEEING.
  4044 | D:5      | 4044 ||| FLEEEEING.
  4045 | D:5      | 4045 ||| FLEEEEING.
  4046 | D:5      | 4046 ||| FLEEEEING.
  4047 | D:5      | 4047 ||| FLEEEEING.
  4048 | D:5      | 4048 ||| FLEEEEING.
  4049 | D:5      | 4049 ||| FLEEEEING.
  4262 | D:5      | Noticed Grinder
  4282 | D:5      | Killed Grinder
  4283 | D:5      | Reached skill level 6 in Fighting
  4283 | D:5      | Reached XP level 8. HP: 70/70 MP: 8/8
  4325 | D:5      | 4325 ||| INVOKING Heroism.
  4932 | D:5      | 4932 ||| UPGRADING to +0 hat of see invisible.
  4937 | D:5      | 4937 ||| UPGRADING to +2 pair of gloves of Responsibility
                  | {Harm rElec Dex+7}.
  4942 | D:5      | 4942 ||| READING scroll labelled BEKHOA DIPRO.
  4943 | D:5      | 4943 ||| READING scroll labelled URUUFU XIYS.
  4979 | D:6      | 4979 ||| INVOKING Heroism.
  5011 | D:6      | Noticed Prince Ribbit
  5026 | D:6      | Killed Prince Ribbit
  5037 | D:6      | Reached skill level 1 in Invocations
  5053 | D:6      | 5053 ||| INVOKING Heroism.
  5293 | D:6      | 5293 ||| SWAPPING to +0 shortbow.
  5294 | D:6      | 5294 ||| DROPPING +2 sling.
  5393 | D:6      | 5393 ||| INVOKING Heroism.
  5397 | D:6      | Reached skill level 9 in Ranged Weapons
  5397 | D:6      | Reached skill level 3 in Invocations
  5829 | D:6      | Reached XP level 9. HP: 75/75 MP: 10/10
  5913 | D:6      | 5913 ||| INVOKING Heroism.
  6204 | D:6      | 6204 ||| SWAPPING to +5 shortbow.
  6205 | D:6      | 6205 ||| DROPPING +0 shortbow.
  6210 | D:6      | 6210 ||| READING scroll labelled OQASTI IDYM.
  6344 | D:7      | Reached skill level 10 in Ranged Weapons
  6680 | D:7      | 6680 ||| UPGRADING to ring of poison resistance.
  6681 | D:7      | 6681 ||| DROPPING +6 ring of intelligence.
  6682 | D:7      | 6682 ||| READING 3 scrolls of identify.
  6682 | D:7      | 6682 ||| IDENTIFYING fizzy ruby potion
  6683 | D:7      | 6683 ||| READING 2 scrolls of identify.
  6683 | D:7      | 6683 ||| IDENTIFYING fuming emerald potion
  6715 | D:8      | Noticed a two-headed ogre
  6716 | D:8      | 6716 ||| INVOKING Heroism.
  6719 | D:8      | Killed a two-headed ogre
  6719 | D:8      | Reached ** piety under Okawaru
  6782 | D:8      | Reached skill level 6 in Dodging
  6841 | D:8      | Noticed a five-headed hydra
  6842 | D:8      | 6842 ||| INVOKING Heroism.
  6842 | D:8      | Noticed a centaur warrior
  6852 | D:8      | Killed a five-headed hydra
  6853 | D:8      | Reached skill level 11 in Ranged Weapons
  6853 | D:8      | Reached XP level 10. HP: 58/90 MP: 10/12
  6860 | D:8      | Killed a centaur warrior
  6860 | D:8      | Reached *** piety under Okawaru
  6861 | D:8      | Reached skill level 12 in Ranged Weapons
  6861 | D:8      | 6861 ||| FLEEEEING.
  6862 | D:8      | 6862 ||| FLEEEEING.
  6863 | D:8      | 6863 ||| FLEEEEING.
  6866 | D:8      | 6866 ||| FLEEEEING.
  6867 | D:8      | 6867 ||| FLEEEEING.
  6868 | D:8      | 6868 ||| FLEEEEING.
  6870 | D:8      | 6870 ||| FLEEEEING.
  6871 | D:8      | 6871 ||| FLEEEEING.
  6872 | D:8      | 6872 ||| FLEEEEING.
  6873 | D:8      | 6873 ||| FLEEEEING.
  6874 | D:8      | 6874 ||| FLEEEEING.
  6875 | D:8      | 6875 ||| FLEEEEING.
  6876 | D:8      | 6876 ||| FLEEEEING.
  6877 | D:8      | 6877 ||| FLEEEEING.
  6878 | D:8      | 6878 ||| FLEEEEING.
  6879 | D:8      | 6879 ||| FLEEEEING.
  6880 | D:8      | 6880 ||| FLEEEEING.
  6881 | D:8      | 6881 ||| FLEEEEING.
  6882 | D:8      | 6882 ||| FLEEEEING.
  6883 | D:8      | 6883 ||| FLEEEEING.
  6884 | D:8      | 6884 ||| FLEEEEING.
  6885 | D:8      | 6885 ||| FLEEEEING.
  6888 | D:8      | 6888 ||| FLEEEEING.
  6889 | D:8      | 6889 ||| FLEEEEING.
  6890 | D:8      | 6890 ||| FLEEEEING.
  6891 | D:8      | 6891 ||| FLEEEEING.
  6893 | D:8      | 6893 ||| FLEEEEING.
  6894 | D:8      | 6894 ||| FLEEEEING.
  6895 | D:8      | 6895 ||| FLEEEEING.
  6896 | D:8      | 6896 ||| FLEEEEING.
  6897 | D:8      | 6897 ||| FLEEEEING.
  6898 | D:8      | 6898 ||| FLEEEEING.
  6899 | D:8      | 6899 ||| FLEEEEING.
  6900 | D:8      | 6900 ||| FLEEEEING.
  6901 | D:8      | 6901 ||| STAIRDANCE
  6993 | D:7      | 6993 ||| READING 2 scrolls of identify.
  6993 | D:7      | 6993 ||| IDENTIFYING smoky blue potion
  6994 | D:7      | 6994 ||| DROPPING potion of brilliance.
  7041 | D:8      | Found a flagged portal.
  7042 | D:8      | 7042 ||| Stepping ~*~*~tactically~*~*~ (water).
  7095 | D:8      | 7095 ||| INVOKING Heroism.
  7105 | D:8      | Reached **** piety under Okawaru
  7272 | D:8      | 7272 ||| INVOKING Heroism.
  7280 | D:8      | 7280 ||| Stepping ~*~*~tactically~*~*~ (outnumbered).
  7313 | D:8      | 7313 ||| INVOKING Heroism.
  7324 | D:8      | Reached skill level 13 in Ranged Weapons
  7339 | D:8      | 7339 ||| INVOKING Heroism.
  7342 | D:8      | Reached skill level 9 in Fighting
  7353 | D:8      | Noticed a two-headed ogre
  7360 | D:8      | Killed a two-headed ogre
  7403 | D:8      | Noticed a boulder beetle
  7404 | D:8      | 7404 ||| INVOKING Heroism.
  7409 | D:8      | Noticed a cyclops
  7418 | D:8      | Noticed a cyclops
  7421 | D:8      | Noticed a centaur warrior
  7428 | D:8      | Killed a boulder beetle
  7430 | D:8      | Killed a cyclops
  7430 | D:8      | HP: 4/91 [cyclops/large rock (43)]
  7431 | D:8      | Reached skill level 6 in Invocations
  7431 | D:8      | Reached XP level 11. HP: 4/97 MP: 14/14
  7431 | D:8      | 7431 ||| READING 3 scrolls of teleportation.
  7431 | D:8      | Hit by a large rock thrown by a cyclops

Levels and vault maps discovered:
D:1:      mrwooster_arrival_statue, layout_rooms, serial_rivers,
          chequers_serial_rivers_room_b, chequers_serial_rivers_small_3,
          chequers_serial_rivers_small_a, chequers_serial_rivers_small_a,
          chequers_serial_rivers_large_b, chequers_serial_rivers_marsh,
          hellmonk_ecumenical_altar_run_dry
D:2:      layout_basic
D:3:      layout_basic, chequers_serial_rivers_small_a, uniq_jessica
D:4:      layout_gridville, jmf_multi_god_temple2,
          minmay_temple_entry_sparse_star, uniq_blork_the_orc, uniq_eustachio
D:5:      layout_basic, uniq_grinder
D:6:      layout_basic, serial_aquarium, aquarium_bridge_square
          [aquarium_subvault_bridge, aquarium_subvault_balcony,
          aquarium_subvault_window, aquarium_subvault_wall],
          aquarium_bridge_square [aquarium_subvault_window,
          aquarium_subvault_bridge, aquarium_subvault_wall,
          aquarium_subvault_bridge], aquarium_window_corridor_2,
          aquarium_window_corner, aquarium_window_corner, aquarium_window_fake,
          aquarium_view_2c, nicolae_elevator_lobby_asterisk, uniq_prince_ribbit1
D:7:      layout_rooms
D:8:      hangedman_cross_veins, layout_loops_ring, erik_lair_island,
          enter_bailey_4
Temple:   hc_temple_tempest_star

Skill      XL: |  1  2  3  4  5  6  7  8  9 10 |
---------------+-------------------------------+-----
Ranged Weapons | 3 4 6 7 8 9 11 13 | 13.1
Fighting       | 2 4 6 8 9 |  9.1
Dodging        | 3 5 6 8 |  8.0
Armour         | 2 |  2.3
Invocations    | 3 4 6 |  6.1
Spellcasting   | |  1.0
Hexes          | |  2.0

Action                     |  1- 3 |  4- 6 |  7- 9 | 10-12 || total
---------------------------+-------+-------+-------+-------++-------
   Fire: Sling             |   123 |   130 |   169 |       ||   422
         Shortbow          |       |       |   122 |   126 ||   248
 Invoke: Heroism           |       |       |     8 |     5 ||    13
    Use: Scroll            |     8 |     2 |     5 |     2 ||    17
         Potion            |     1 |     1 |     1 |       ||     3
 Armour: Robe              |     2 |    26 |    13 |    22 ||    63
         Leather armour    |    11 |       |       |       ||    11
  Dodge: Dodged            |    30 |    61 |    72 |    53 ||   216

Table legend:
 A = Non-vault XP
 B = Vault XP
 C = Vault XP percentage of total XP
 D = Non-vault monster count
 E = Vault monster count
 F = Vault count percentage of total count
                 A         B        C        D         E       F
            +---------+---------+-------+---------+---------+-------
      Total |    6173 |    5232 |  45.9 |     135 |      29 |  17.7
            +---------+---------+-------+---------+---------+-------
        D:1 |      12 |       0 |   0.0 |       9 |       0 |   0.0
        D:2 |      56 |       0 |   0.0 |      19 |       0 |   0.0
        D:3 |      23 |      37 |  61.7 |      13 |       1 |   7.1
        D:4 |     420 |     296 |  41.3 |      29 |       2 |   6.5
        D:5 |     371 |     262 |  41.4 |      17 |       1 |   5.6
        D:6 |    1225 |     274 |  18.3 |      22 |       1 |   4.3
        D:7 |     392 |       0 |   0.0 |       8 |       0 |   0.0
        D:8 |    3674 |    4363 |  54.3 |      18 |      24 |  57.1
            +---------+---------+-------+---------+---------+-------
